 Dungeon Sprint DCSS version 0.17-a0-1804-gf6433eb (webtiles) character file.

1053 nuthulu the Blocker (level 8, -4/58 HPs)
             Began as a Gargoyle Fighter on Sept 11, 2015.
             Was an Initiate of Okawaru.
             Slain by Snorg (16 damage)
             ... in the Dungeon (Sprint III: "The Ten Rune Challenge").
             The game lasted 00:03:29 (1766 turns).

nuthulu the Blocker (Gargoyle Fighter)              Turns: 1766, Time: 00:03:29

Health: -4/58      AC: 15    Str: 26    XL:     8   Next: 26%
Magic:  8/8        EV:  9    Int:  8    God:    Okawaru [......]
Gold:   28         SH: 12    Dex: 11    Spells: 0 memorised, 7 levels left

rFire  . . .     SeeInvis .     a - +0 flail
rCold  . . .     Rnd*Rage +     b - +0 scale mail
rNeg   + . .     SustAt   .     c - +0 shield
rPois  ∞         Gourm    .     (no helmet)
rElec  +         Spirit   .     (no cloak)
rCorr  .         Warding  .     (no gloves)
rMut   .         NoTele   +     (no boots)
MR     .....                    (no amulet)
Stlth  ..........               (no ring)
                                (no ring)

@: mighty, exhausted, slowed, very slow, not resistant to hostile enchantments,
extremely unstealthy
A: fangs 1, rugged brown scales 1, berserk 1, negative energy resistance 1,
sense surroundings 1, shaggy fur 1, electricity resistance, unbreathing,
petrification resistance, rot immunity, MP-powered wands, AC +5
a: Renounce Religion


You were in the Dungeon.
You worshipped Okawaru.
Okawaru was noncommittal.
You were not hungry.

You visited 1 branch You collected 28 gold pieces.

Inventory:

Hand weapons
 a - a +0 flail (weapon)
Armour
 b - a +0 scale mail (worn)
 c - a +0 shield (worn)
Magical devices
 j - a wand of magic darts (16)
Scrolls
 k - a scroll of blinking
 m - a scroll of immolation {unknown}
 o - 3 scrolls of remove curse
 r - a scroll of torment {unknown}
Potions
 f - a potion of curing
 h - 2 potions of haste
 i - 2 potions of magic
 q - 3 potions of flight
 s - 3 potions of cure mutation
Miscellaneous
 t - a plain deck of defence {the Shaft}
Comestibles
 e - a bread ration
 p - a royal jelly


   Skills:
 + Level 10.2 Fighting
 + Level 9.1 Maces & Flails
 + Level 10.1 Armour
 + Level 10.3 Shields


You had 7 spell levels left.
You didn't know any spells.

Dungeon Overview and Level Annotations

Branches:
Dungeon (1/1)

Altars:
Cheibriados
Dithmenos
Elyvilon
Fedhas
Gozag
Kikubaaqudgha
Makhleb
Nemelex Xobeh
Okawaru
Qazlal
Ru
Sif Muna
Trog
Vehumet
Xom
Yredelemnul
Zin
The Shining One
Jiyva
Lugonu

Annotations:
D Snorg


Innate Abilities, Weirdness & Mutations

You are resistant to torment.
Your stone body is resilient (AC +5).
You are immune to poison.
You resist negative energy.
You are resistant to electric shocks.
You can survive without breathing.
You are immune to petrification.
You are immune to rotting.
You have very sharp teeth.
You are partially covered in rugged brown scales (AC +1, +3% HP).
You tend to lose your temper in combat.
You passively map a small area around you.
You are covered in fur (AC +1).
You expend magic power (3 MP) to strengthen your wands.


Message History

Snorg is severely wounded.
Snorg bites you!
* * * LOW HITPOINT WARNING * * *
Snorg claws you!
* * * LOW HITPOINT WARNING * * *
Snorg barely misses you.
There is an open door here.
You are too berserk!
You feel a strong urge to attack something.
You are no longer berserk.
You are exhausted.
You feel yourself slow down.
Unknown command.
Drink which item? (? for menu, Esc to quit)
You feel much better. You block Snorg's attack. Snorg barely misses you.
You block Snorg's attack. Snorg bites you but does no damage. Snorg claws you!
Snorg claws you!
* * * LOW HITPOINT WARNING * * *
Snorg closely misses you. Snorg claws you!
You die...

#####..#___#__[#__# , , ,
.#..#..#)..#...#._# , ,
.#..#..###+#)###)##, ,
.##'#..#..........# , , *
.###...+.⌠........# , **
####...#...######'# *
###....#.⌠.#__#...#+#####
##.....#...#__#...#§§§§≈+
#......#'###__#.@T#.#§≈§#
, ,
.#.....#.):#__#...'.#§§§#
*, ,
###....#___#_.'...#.#§§§
, ,
▓▓▓▓▓▓▓▓▓▓▓▓▓▓▓▓▓▓▓▓▓▓ *
* ≈ ,,, ,, ≈ , ≈ +* ≈≈ +
, ≈ * ** * , * * * * *


You could see Snorg (berserk).

Vanquished Creatures
  A deep elf priest (D)
  A shadow (D)
  A spatial vortex (D)
  A necrophage (D)
  A water elemental (D)
  A jelly (D)
  A necromancer (D)
  A wizard (D)
  A wolf (D)
  A kobold demonologist (D)
  3 humans (D)
  2 oozes (D)
  2 rats (D)
17 creatures vanquished.

Vanquished Creatures (others)
  2 draconian scorchers (D)
  A yaktaur (D)
  4 plants (D)
7 creatures vanquished.

Grand Total: 24 creatures vanquished

Notes
Turn   | Place    | Note
--------------------------------------------------------------
     0 | D        | nuthulu the Gargoyle Fighter began the quest for the Orb.
     0 | D        | Reached XP level 1. HP: 14/14 MP: 1/1
    21 | D        | Reached skill level 4 in Fighting
    21 | D        | Reached XP level 2. HP: 14/20 MP: 2/2
    56 | D        | Killed a yaktaur
   135 | D        | Reached XP level 3. HP: 16/24 MP: 3/3
   136 | D        | Noticed a wolf
   146 | D        | Killed a wolf
   146 | D        | Reached skill level 5 in Fighting
   146 | D        | Reached skill level 5 in Armour
   146 | D        | Reached skill level 5 in Shields
   187 | D        | Killed a white draconian scorcher
   192 | D        | Killed a white draconian scorcher
   412 | D        | Gained mutation: You have very sharp teeth. [potion of mutation]
   412 | D        | Gained mutation: You are covered in fur (AC +1). [potion of mutation]
   412 | D        | Gained mutation: You tend to lose your temper in combat. [potion of mutation]
   413 | D        | Gained mutation: You are partially covered in rugged brown scales (AC +1, +3% HP). [potion of mutation]
   413 | D        | Gained mutation: You expend magic power (3 MP) to strengthen your wands. [potion of mutation]
   414 | D        | Gained mutation: You passively map a small area around you. [potion of mutation]
   434 | D        | Noticed a water elemental
   447 | D        | Killed a water elemental
   447 | D        | Reached skill level 6 in Fighting
   447 | D        | Reached XP level 4. HP: 4/32 MP: 4/4
   713 | D        | Found a glowing silver altar of Zin.
   714 | D        | Found a glowing golden altar of the Shining One.
   714 | D        | Found a white marble altar of Elyvilon.
   714 | D        | Noticed a deep elf priest
   720 | D        | Killed a deep elf priest
   720 | D        | Reached skill level 8 in Fighting
   720 | D        | Reached XP level 5. HP: 20/40 MP: 5/5
   720 | D        | Reached XP level 6. HP: 22/45 MP: 6/6
   876 | D        | Found a radiant altar of Vehumet.
   877 | D        | Found a deep blue altar of Sif Muna.
   877 | D        | Found an ancient bone altar of Kikubaaqudgha.
   877 | D        | Noticed a wizard
   878 | D        | Noticed a sixfirhy
   878 | D        | Killed a wizard
  1108 | D        | Found a basalt altar of Yredelemnul.
  1108 | D        | Found a snail-covered altar of Cheibriados.
  1108 | D        | Found a blossoming altar of Fedhas.
  1108 | D        | Noticed a necrophage
  1108 | D        | Noticed a necromancer
  1119 | D        | Killed a necromancer
  1136 | D        | Killed a necrophage
  1136 | D        | Reached XP level 7. HP: 22/51 MP: 7/7
  1310 | D        | Found an iron altar of Okawaru.
  1311 | D        | Found a bloodstained altar of Trog.
  1311 | D        | Noticed a human
  1311 | D        | Noticed a human
  1318 | D        | Killed a human
  1318 | D        | Reached skill level 9 in Fighting
  1336 | D        | Killed a human
  1366 | D        | Became a worshipper of Warmaster Okawaru
  1520 | D        | Noticed a jelly
  1521 | D        | Noticed a shadow
  1530 | D        | Killed a shadow
  1530 | D        | Reached skill level 10 in Fighting
  1530 | D        | Reached skill level 10 in Shields
  1530 | D        | Reached XP level 8. HP: 38/58 MP: 8/8
  1535 | D        | Killed a jelly
  1688 | D        | Found a stormy altar of Qazlal.
  1688 | D        | Found a sacrificial altar of Ru.
  1688 | D        | Found a burning altar of Makhleb.
  1688 | D        | Found a shimmering altar of Xom.
  1688 | D        | Noticed a spatial vortex
  1689 | D        | Found a viscous altar of Jiyva.
  1689 | D        | Found a shadowy altar of Dithmenos.
  1689 | D        | Found a sparkling altar of Nemelex Xobeh.
  1689 | D        | Found a corrupted altar of Lugonu.
  1689 | D        | Found an opulent altar of Gozag.
  1700 | D        | Killed a spatial vortex
  1700 | D        | Reached skill level 10 in Armour
  1749 | D        | Noticed Snorg
  1766 | D        | Slain by Snorg

Vault maps used:
D:        dungeon_sprint_mu

Action                   |  1- 3 |  4- 6 |  7- 9 || total
-------------------------+-------+-------+-------++-------
Melee: Flail             |    38 |    37 |    50 ||   125
  Use: Potion            |     5 |     1 |     3 ||     9
       Scroll            |     1 |       |     1 ||     2
  Eat: Royal jelly       |       |     1 |     1 ||     2
